 Dungeon Crawl Stone Soup version 0.26-a0-1080-g4c0aae810e (webtiles) character file.

Game seed: 5852748339030306834

57 Dracia the Chiller (level 4, -8/30 HPs)
             Began as a Merfolk Ice Elementalist on Dec 14, 2020.
             Mangled by a worm (9 damage)
             ... on level 2 of the Dungeon.
             The game lasted 00:03:17 (1221 turns).

Dracia the Chiller (Merfolk Ice Elementalist)       Turns: 1221, Time: 00:03:18

Health: -8/30      AC:  2    Str:  7 (9)  XL:     4   Next: 0%
Magic:  3/7        EV:  9    Int: 11 (14) God:
Gold:   64         SH:  0    Dex: 11 (14) Spells: 6/7 levels left

rFire    . . .     SeeInvis .   d - +0 dagger
rCold    . . .     Faith    .   (no shield)
rNeg     . . .     Spirit   .   a - +0 robe
rPois    .         Reflect  .   (no helmet)
rElec    .         Harm     .   (no cloak)
rCorr    .         Rampage  .   (no gloves)
Will     .....                  (no boots)
Stlth    ++........             (no amulet)
HPRegen  0.10/turn              (no ring)
MPRegen  0.10/turn              (no ring)

@: constricted
A: change form in water, swift swim, stealthy swim
a: no special abilities


You were on level 2 of the Dungeon.
You visited 1 branch of the dungeon, and saw 2 of its levels.

You collected 64 gold pieces.


   Skills:
 - Level 2.6 Dodging
 - Level 2.1 Stealth
 - Level 2.0 Spellcasting
 + Level 6.0 Ice Magic


You had 6 spell levels left.
You knew the following spells:

 Your Spells              Type           Power        Failure   Level
z - Freeze                Ice            ##..         2%          1

Your spell library contained the following spells:

 Spells                   Type           Power        Failure   Level
 Frozen Ramparts          Ice            ##....       8%          3
 Ozocubu's Armour         Ice            ##......     8%          3
 Hailstorm                Conj/Ice       #.......     63%         4
 Summon Ice Beast         Ice/Summ       #.......     63%         4

Inventory:

Hand Weapons
 d - a +0 dagger (weapon)
Armour
 a - a +0 robe (worn)
Jewellery
 m - an uncursed amulet of magic regeneration {unknown}
Scrolls
 b - 2 scrolls of random uselessness {unknown}
 f - 5 scrolls of identify {unknown}
 i - a scroll of enchant weapon {unknown}
 j - 2 scrolls of teleportation {unknown}
 k - a scroll of remove curse {unknown}
 o - a scroll of magic mapping {unknown}
Potions
 c - a potion of degeneration
 e - 3 potions of heal wounds {unknown}
 g - 2 potions of lignification {unknown}
 h - a potion of invisibility {unknown}
 l - a potion of brilliance {unknown}
 n - a potion of attraction {unknown}

Dungeon Overview and Level Annotations

Branches:
Dungeon (2/15)

Altars:

.........#...#
...............
###....#........
....###....####
#....#........ #####
#....# #>...# .....<.
#....#### #....# .......
#.......# #....#
.......########.......#
######
......................#
..>...w...............##
......S@......(.#.......
......#.........#.......
.....................[..
.....##.........#†......
.... #.........#.......
... ###########.......
.. ########


You could see a worm and a ball python.


Message History

The adder is lightly wounded.
The adder seems to slow down.
The adder bites you.
Unknown command.
Casting: Freeze (safe; 2% risk of failure)
Confirm with . or Enter, or press ? or * to list all spells.
Aiming: Freeze (safe; 2% risk of failure)
Press: ? - help, Shift-Dir - straight line, f/p - adder
Aim: an adder (lightly wounded, slow)
You freeze the adder.
The adder is severely wounded.
The adder is no longer moving slowly.
The worm bites you!
* * * LOW HITPOINT WARNING * * *
The adder bites you but does no damage.
You barely miss the adder.
The adder is severely wounded.
The adder bites you.
* * * LOW HITPOINT WARNING * * *
The worm bites you.
* * * LOW HITPOINT WARNING * * *
You hit the adder.
You kill the adder!
Your Ice Magic skill increases to level 6!
You have reached level 4!
It was a potion of degeneration.
There was something very wrong with that liquid.
You feel weakened.
You feel dopey.
You feel clumsy. The ball python bites you.
* * * LOW HITPOINT WARNING * * *
The ball python grabs you. The ball python constricts you. The worm bites you!
You die...

Skill      XL: |  1  2  3 |
---------------+----------+-----
Ice Magic      | 5 6 |  6.0
Dodging        | |  2.6
Stealth        | |  2.1
Spellcasting   | |  2.0

Action                   |  1- 3 |  4- 6 || total
-------------------------+-------+-------++-------
Melee: Dagger            |    34 |       ||    34
 Cast: Freeze            |    20 |       ||    20
  Use: Potion            |       |     1 ||     1
 Stab: Sleeping          |     4 |       ||     4
Armor: Robe              |    12 |       ||    12
Dodge: Dodged            |    33 |       ||    33

Levels and vault maps discovered:
D:1:      minmay_arrival_loop, layout_rooms
D:2:      layout_basic, grunt_temple_overflow_cloverleaf, xom_teletrap_fun

Notes
Turn   | Place    | Note
-------+----------+-------------------------------------------
     0 | D:1      | Dracia the Merfolk Ice Elementalist began the quest for the
                  | Orb.
     0 | D:1      | Reached XP level 1. HP: 13/13 MP: 3/3
   214 | D:1      | Reached XP level 2. HP: 19/19 MP: 1/5
   485 | D:2      | Reached skill level 5 in Ice Magic
   638 | D:2      | Reached XP level 3. HP: 19/24 MP: 2/6
  1219 | D:2      | HP: 1/24 [worm (5)]
  1221 | D:2      | Reached skill level 6 in Ice Magic
  1221 | D:2      | Reached XP level 4. HP: 2/30 MP: 3/7
  1221 | D:2      | Mangled by a worm

Vanquished Creatures
  4 adders (D:2)
  2 dart slugs (D:1)
  5 bats
  A goblin (D:2)
  3 kobolds
  A quokka (D:2)
  2 frilled lizards (D:1)
  2 rats (D:2)
20 creatures vanquished.

Table legend: (Time is in decaauts)
 A = Elapsed time spent in this place.
 B = Non-inter-level travel time spent in this place.
 C = Inter-level travel time spent in this place.
 D = Time resting spent in this place.
 E = Time spent auto-exploring this place.
 F = Levels seen in this place.
 G = Mean time per level.
                   A        B        C        D        E       F      G
               +--------+--------+--------+--------+--------+-----+--------+
         Total |   1220 |   1178 |     42 |    136 |    881 |   2 |  610.0 |
       Dungeon |   1220 |   1178 |     42 |    136 |    881 |   2 |  610.0 |
               +--------+--------+--------+--------+--------+-----+--------+

Top non-repeatable levels by time:
     D:2: 741 daAuts
     D:1: 478 daAuts

Table legend:
 A = Non-vault XP
 B = Vault XP
 C = Vault XP percentage of total XP
 D = Non-vault monster count
 E = Vault monster count
 F = Vault count percentage of total count
                 A         B        C        D         E       F
            +---------+---------+-------+---------+---------+-------
      Total |      82 |       0 |   0.0 |      20 |       0 |   0.0
            +---------+---------+-------+---------+---------+-------
        D:1 |      14 |       0 |   0.0 |       6 |       0 |   0.0
        D:2 |      68 |       0 |   0.0 |      14 |       0 |   0.0
            +---------+---------+-------+---------+---------+-------
